 Dungeon Sprint DCSS version 0.19.1-1-g22dce08 (webtiles) character file.

43373 dvd the Minotaur Blade (level 13, -21/140 HPs)
             Began as a Minotaur Berserker on Jan 2, 2017.
             Was a High Priest of Trog.
             Demolished by an acid blob (22 damage)
             ... created by the Royal Jelly
             ... in the Dungeon (Sprint III: "The Ten Rune Challenge").
             The game lasted 00:23:43 (3288 turns).

dvd the Minotaur Blade (Minotaur Berserker)         Turns: 3288, Time: 00:23:46

Health: -21/140    AC: 29    Str: 24    XL:     13   Next: 20%
Magic:  12/12      EV: 11    Int:  8    God:    Trog [*****.]
Gold:   2117       SH:  0    Dex: 16    Spells: 0 memorised, 12 levels left

rFire  + . .     SeeInvis .     a - +7 great sword (holy)
rCold  + + .     Gourm    .     z - +11 crystal plate armour "Foqar" {rF+ rN+ rCorr}
rNeg   + . .     Faith    .     (shield currently unavailable)
rPois  +         Spirit   .     (helmet restricted)
rElec  +         Reflect  .     (no cloak)
rCorr  +         Harm     .     (no gloves)
MR     .....     NoTele   +     (no boots)
Stlth  ..........               I - amulet of regeneration
                                (no ring)
                                J - ring of the Butterfly {Ice rElec Int+4 Dex+3}

@: corroded, hasted, very quick
A: retaliatory headbutt, horns 2, cold resistance 1, fire resistance 1, poison
resistance
a: Berserk, Trog's Hand, Brothers in Arms, Burn Spellbooks, Renounce Religion
}: 1/10 runes: decaying


You were in the Dungeon.
You worshipped Trog.
Trog was extremely pleased with you.
You were near starving.

You visited 1 branch You collected 4988 gold pieces.
You spent 2871 gold pieces at shops.

Inventory:

Hand Weapons
 a - a +7 great sword of holy wrath (weapon)
 b - a +2 great sword of flaming
 k - a +2 dagger of protection
 l - a +4 triple sword of holy wrath
 n - a +2 mace of protection
 r - a +4 rapier of speed
 v - a +2 antimagic dire flail
 y - a +3 falchion of slicing
 A - a +5 scimitar of draining
 B - a +5 demon trident
 C - a +3 scimitar of slicing
 D - a +2 great mace of crushing
 G - a +2 antimagic long sword
Armour
 w - a +0 ring mail
 x - a +0 chain mail
 z - the +11 crystal plate armour "Foqar" (worn) {rF+ rN+ rCorr}
   (You bought it in a shop in the Dungeon)

   It protects you from fire.
   It protects you from negative energy.
   It protects you from acid and corrosion.
Jewellery
 I - an amulet of regeneration (around neck)
 J - the ring of the Butterfly (left hand) {Ice rElec Int+4 Dex+3}
   (You bought it in a shop in the Dungeon)

   [ring of ice]

   It enhances your ice magic.
   It affects your intelligence (+4).
   It affects your dexterity (+3).
   It makes you vulnerable to fire.
   It protects you from cold.
   It insulates you from electricity.
Wands
 u - a wand of iceblast (5/15)
Scrolls
 i - a scroll of blinking
 o - 2 scrolls of identify
 p - 3 scrolls of remove curse
Potions
 d - a potion of curing
 e - a potion of heal wounds
 f - a potion of haste
 g - 2 potions of magic
 h - 2 potions of berserk rage
 m - a potion of mutation
 q - 4 potions of flight
 t - 2 potions of cure mutation
 E - a potion of lignification {unknown}
 F - a potion of invisibility {unknown}
Miscellaneous
 j - a fan of gales
Comestibles
 c - 2 bread rations
 s - 2 royal jellies


   Skills:
 + Level 20.5 Fighting
 + Level 11.1(17.4) Short Blades
 + Level 22.7(23.5) Long Blades
 * Level 19.4 Armour
 + Level 9.6 Dodging
 + Level 4.6 Stealth
 + Level 1.2 Evocations


You had 12 spell levels left.
You didn't know any spells.

Dungeon Overview and Level Annotations

Branches:
Dungeon (1/1)

Altars:
Cheibriados
Dithmenos
Elyvilon
Fedhas
Gozag
Hepliaklqana
Kikubaaqudgha
Makhleb
Nemelex Xobeh
Okawaru
Qazlal
Ru
Sif Muna
Trog
Uskayaw
Vehumet
Xom
Yredelemnul
Zin
The Shining One
Beogh
Jiyva
Lugonu

Shops:
D (%=[

Annotations:
D Royal Jelly


Innate Abilities, Weirdness & Mutations

You reflexively headbutt those who attack you in melee.
You have a pair of horns on your head.
Your flesh is cold resistant. (rC+)
Your flesh is heat resistant. (rF+)
Your system is resistant to poisons. (rPois)


Message History

Your iron troll is burned by acid!
The Royal Jelly shudders.
The Royal Jelly spits out another jelly.
Your iron troll claws the Royal Jelly!!
The acid corrodes your iron troll!
Your iron troll is burned by acid!
The Royal Jelly shudders vigorously.
The Royal Jelly spits out two more jellies.
You feel yourself speed up. The Royal Jelly barely misses you.
The Royal Jelly completely misses you. The death ooze hits you.
* * * LOW HITPOINT WARNING * * *
The death ooze hits you but does no damage.
The Royal Jelly hits you!!
* * * LOW HITPOINT WARNING * * *
You are splashed with acid!
The acid burns!
You resist.
* * * LOW HITPOINT WARNING * * *
The Royal Jelly hits you but does no damage.
The death ooze completely misses your iron troll.
The death ooze barely misses your iron troll.
The death ooze hits your iron troll!! x2; The acid blob hits you!!
You die...

▓...'≈≈≈≈≈§§§≈♣♣...
▓...#≈≈§§≈§§≈≈♣♣.≈≈
▓...#≈≈§§§§≈≈≈.'÷..
▓...#≈≈≈§§≈.≈≈♣♣♣♣♣
▓...#≈≈..≈≈§≈.♣
▓##'####'#######♣
▓.........[.....♣♣
▓#'#############'♣
▓J@.#≈...........♣
▓JJT'≈≈...########♣
▓JJJ#≈≈≈.........PP
▓...#≈≈≈≈P..PP....P
#.#############'###
##§###### #.♣♣
##.#...### #♣.♣
##.T.....# ♣.♣♣
##.....J... ♣♣.♣


You could see the Royal Jelly, 2 acid blobs, 3 death oozes and a friendly iron
troll (berserk).

Vanquished Creatures
  Xtahua (D)
  Rupert (D)
  4 azure jellies (D)
  2 dire elephants (D)
  3 fire dragons (D)
  Erolcha (D)
  A hydra (D)
  4 death yaks (D)
  Urug (D)
  A lindwurm (D)
  6 deep elf magi (D)
  An orc knight (D)
  2 black mambas (D)
  2 spiny frogs (D)
  A rime drake (D)
  A komodo dragon (D)
  8 blink frogs (D)
  5 redbacks (D)
  A shadow (D)
  3 wandering mushrooms (D)
  A hill giant (D)
  A spatial vortex (D)
  A hell hound (D)
  A floating eye (D)
  A swamp drake (D)
  A necrophage (D)
  A water elemental (D)
  A jelly (D)
  A wizard (D)
  Jessica (D)
  A necromancer (D)
  3 humans (D)
  A kobold demonologist (D)
  A wolf (D)
  5 orcs (D)
  3 rats (D)
  A plant (D)
74 creatures vanquished.

Vanquished Creatures (collateral kills)
  An acid blob (D)
  Gastronok (D)
  A fire dragon (D)
  An orc knight (D)
  2 shining eyes (D)
  2 elephants (D)
  2 tyrant leeches (D)
  A hill giant (D)
  An orc warrior (D)
  A hell hound (D)
  3 two-headed ogres (D)
  2 orc priests (D)
  An orc wizard (D)
  7 orcs (D)
26 creatures vanquished.

Vanquished Creatures (others)
  2 draconian scorchers (D)
  6 hellions (D)
  2 yaktaurs (D)
  An electric eel (D)
  7 plants (D)
18 creatures vanquished.

Grand Total: 118 creatures vanquished

Notes
Turn   | Place    | Note
-------+----------+-------------------------------------------
     0 | D        | dvd the Minotaur Berserker began the quest for the Orb.
     0 | D        | Reached XP level 1. HP: 19/19 MP: 0/0
    35 | D        | Noticed Jessica
    39 | D        | Reached ** piety under Trog
    39 | D        | Reached skill level 4 in Long Blades
    41 | D        | Killed Jessica
    41 | D        | Reached skill level 5 in Fighting
    41 | D        | Reached skill level 5 in Long Blades
    41 | D        | Reached XP level 2. HP: 15/30 MP: 1/1
    92 | D        | Killed a yaktaur
    98 | D        | Killed a hellion
    99 | D        | Killed a hellion
   182 | D        | Killed a hellion
   196 | D        | Killed a white draconian scorcher
   205 | D        | Reached skill level 6 in Long Blades
   205 | D        | Reached XP level 3. HP: 24/37 MP: 2/2
   210 | D        | Killed a hellion
   228 | D        | Gained mutation: Your flesh is cold resistant. (rC+) [potion of mutation]
   228 | D        | Gained mutation: Your system is resistant to poisons. (rPois) [potion of mutation]
   228 | D        | Gained mutation: Your flesh is heat resistant. (rF+) [potion of mutation]
   232 | D        | Killed a hellion
   285 | D        | Killed a hellion
   332 | D        | Reached *** piety under Trog
   339 | D        | Killed a white draconian scorcher
   421 | D        | Noticed a water elemental
   424 | D        | Killed a water elemental
   424 | D        | Reached skill level 7 in Long Blades
   424 | D        | Reached XP level 4. HP: 47/47 MP: 3/3
   470 | D        | Found a radiant altar of Vehumet.
   475 | D        | Found a deep blue altar of Sif Muna.
   475 | D        | Found an ancient bone altar of Kikubaaqudgha.
   475 | D        | Noticed a wizard
   486 | D        | Killed a wizard
   486 | D        | Reached **** piety under Trog
   486 | D        | Reached skill level 8 in Long Blades
   486 | D        | Reached XP level 5. HP: 53/53 MP: 4/4
   491 | D        | Reached ***** piety under Trog
   532 | D        | Found a glowing silver altar of Zin.
   532 | D        | Found a glowing golden altar of the Shining One.
   532 | D        | Found a white marble altar of Elyvilon.
   533 | D        | Noticed a deep elf mage
   549 | D        | Killed a deep elf mage
   549 | D        | Reached skill level 10 in Long Blades
   549 | D        | Reached XP level 6. HP: 46/68 MP: 5/5
   549 | D        | Reached XP level 7. HP: 50/74 MP: 6/6
   725 | D        | Found a hide-covered altar of Uskayaw.
   725 | D        | Found a roughly hewn altar of Beogh.
   725 | D        | Found an iron altar of Okawaru.
   725 | D        | Found a bloodstained altar of Trog.
   725 | D        | Noticed a human
   728 | D        | Noticed a human
   736 | D        | Killed a human
   739 | D        | Killed a human
   739 | D        | Received a gift from Trog
   739 | D        | Reached skill level 11 in Long Blades
   992 | D        | Found a basalt altar of Yredelemnul.
   992 | D        | Found a shadowy altar of Dithmenos.
   992 | D        | Found a sacrificial altar of Ru.
  1009 | D        | Noticed a shadow
  1015 | D        | Killed a shadow
  1015 | D        | Reached XP level 8. HP: 74/85 MP: 7/7
  1068 | D        | Found a blossoming altar of Fedhas.
  1068 | D        | Found a stormy altar of Qazlal.
  1069 | D        | Found a snail-covered altar of Cheibriados.
  1069 | D        | Found a burning altar of Makhleb.
  1069 | D        | Found a hazy altar of Hepliaklqana.
  1069 | D        | Found a shimmering altar of Xom.
  1069 | D        | Found an opulent altar of Gozag.
  1069 | D        | Found a sparkling altar of Nemelex Xobeh.
  1069 | D        | Found a corrupted altar of Lugonu.
  1069 | D        | Found a viscous altar of Jiyva.
  1102 | D        | Reached skill level 12 in Long Blades
  1103 | D        | Received a gift from Trog
  1147 | D        | Noticed Erolcha
  1153 | D        | Killed Erolcha
  1153 | D        | Reached skill level 13 in Long Blades
  1153 | D        | Reached skill level 1 in Stealth
  1153 | D        | Reached XP level 9. HP: 95/95 MP: 8/8
  1158 | D        | Received a gift from Trog
  1231 | D        | Found Ronnojyarr's Antique Armour Boutique.
  1245 | D        | Noticed an orc knight
  1253 | D        | Killed an orc knight
  1255 | D        | Reached skill level 10 in Short Blades
  1255 | D        | Reached skill level 14 in Long Blades
  1257 | D        | Received a gift from Trog
  1262 | D        | Noticed an orc knight
  1264 | D        | Received a gift from Trog
  1268 | D        | Killed an orc knight
  1594 | D        | Bought a twisted crystal plate armour for 1700 gold pieces
  1604 | D        | Identified the +11 crystal plate armour "Foqar" {rF+ rN+ rCorr} (You bought it in a shop in the Dungeon)
  1616 | D        | Noticed a deep elf mage
  1616 | D        | Noticed a deep elf mage
  1616 | D        | Noticed a deep elf mage
  1616 | D        | Noticed a deep elf mage
  1616 | D        | Noticed a deep elf mage
  1624 | D        | Killed a deep elf mage
  1627 | D        | Killed a deep elf mage
  1627 | D        | Reached skill level 15 in Fighting
  1631 | D        | Noticed a demonic crawler
  1632 | D        | Noticed a red devil
  1633 | D        | Killed a deep elf mage
  1633 | D        | Reached ****** piety under Trog
  1633 | D        | Reached skill level 15 in Long Blades
  1633 | D        | Reached XP level 10. HP: 104/105 MP: 9/9
  1636 | D        | Killed a deep elf mage
  1636 | D        | Received a gift from Trog
  1643 | D        | Killed a deep elf mage
  1674 | D        | Noticed a deep elf mage
  1675 | D        | Noticed a deep elf demonologist
  1676 | D        | Noticed a deep elf death mage
  1743 | D        | Reached skill level 16 in Long Blades
  1747 | D        | Reached skill level 10 in Armour
  1753 | D        | Noticed a spiny frog
  1753 | D        | Noticed a spiny frog
  1779 | D        | Killed a spiny frog
  1779 | D        | Received a gift from Trog
  1784 | D        | Killed a spiny frog
  1896 | D        | Reached skill level 17 in Long Blades
  1972 | D        | Noticed a lindwurm
  1975 | D        | Killed a lindwurm
  1976 | D        | Received a gift from Trog
  1976 | D        | Reached XP level 11. HP: 110/115 MP: 10/10
  1992 | D        | Noticed Urug
  2000 | D        | Killed Urug
  2000 | D        | Reached skill level 18 in Long Blades
  2158 | D        | Noticed a dire elephant
  2158 | D        | Noticed a dire elephant
  2158 | D        | Noticed Gastronok
  2170 | D        | Killed a dire elephant
  2170 | D        | Reached skill level 19 in Long Blades
  2175 | D        | Killed a dire elephant
  2175 | D        | Received a gift from Trog
  2197 | D        | Killed Gastronok
  2300 | D        | Noticed Rupert
  2312 | D        | Killed Rupert
  2312 | D        | Reached skill level 20 in Long Blades
  2348 | D        | Noticed an azure jelly
  2348 | D        | Noticed an azure jelly
  2348 | D        | Noticed an azure jelly
  2348 | D        | Noticed an azure jelly
  2443 | D        | Killed an azure jelly
  2452 | D        | Killed an azure jelly
  2452 | D        | Received a gift from Trog
  2452 | D        | Reached skill level 15 in Armour
  2452 | D        | Reached XP level 12. HP: 99/127 MP: 11/11
  2456 | D        | Killed an azure jelly
  2456 | D        | Reached skill level 21 in Long Blades
  2466 | D        | Killed an azure jelly
  2581 | D        | Noticed a death yak
  2581 | D        | Noticed a death yak
  2582 | D        | Noticed a death yak
  2583 | D        | Noticed a death yak
  2604 | D        | Killed a death yak
  2607 | D        | Killed a death yak
  2612 | D        | Killed a death yak
  2639 | D        | Killed a death yak
  2644 | D        | Received a gift from Trog
  2864 | D        | Reached skill level 22 in Long Blades
  2895 | D        | Noticed a fire dragon
  2902 | D        | Killed a fire dragon
  2904 | D        | Noticed a fire dragon
  2956 | D        | Killed a fire dragon
  2968 | D        | Found Gefaawon's Antique Weapon Shoppe.
  2968 | D        | Found Vuplelae's Food Boutique.
  2968 | D        | Noticed a fire dragon
  2968 | D        | Noticed a fire dragon
  2976 | D        | Killed a fire dragon
  2981 | D        | Killed a fire dragon
  2988 | D        | Found Bahoaly's Jewellery Emporium.
  2997 | D        | Bought an uncursed amulet of regeneration for 420 gold pieces
  2997 | D        | Bought the ring of the Butterfly {Ice rElec Int+4 Dex+3} for 751 gold pieces
  3115 | D        | Noticed a four-headed hydra
  3115 | D        | Noticed Xtahua
  3152 | D        | Killed Xtahua
  3152 | D        | Reached XP level 13. HP: 86/139 MP: 12/12
  3156 | D        | Reached skill level 1 in Evocations
  3166 | D        | Got a decaying rune of Zot
  3247 | D        | Noticed an acid blob
  3255 | D        | Killed an acid blob
  3272 | D        | Found a viscous altar of Jiyva.
  3272 | D        | Noticed the Royal Jelly
  3286 | D        | Noticed a death ooze
  3288 | D        | Noticed an acid blob
  3288 | D        | Noticed a death ooze
  3288 | D        | Noticed a death ooze
  3288 | D        | Noticed an acid blob
  3288 | D        | HP: 4/140 [the Royal Jelly (29)]
  3288 | D        | HP: 1/140 [acid (3)]
  3288 | D        | Demolished by an acid blob

Skill      XL: |  1  2  3  4  5  6  7  8  9 10 11 12 13 |
---------------+----------------------------------------+-----
Fighting       | 5 7 8 11 12 14 15 16 18 20 | 20.5
Long Blades    | 5 6 7 8 10 11 13 15 17 20 22 | 22.7
Armour         | 3 4 6 7 9 11 15 18 19 | 19.4
Dodging        | 3 4 6 7 8 9 |  9.6
Short Blades   | 2 3 6 7 9 10 11 | 11.1
Stealth        | 1 2 3 4 |  4.6
Evocations     | 1 |  1.2

Action                   |  1- 3 |  4- 6 |  7- 9 | 10-12 | 13-15 || total
-------------------------+-------+-------+-------+-------+-------++-------
Melee: Falchion          |     8 |       |       |       |       ||     8
       Headbutt          |     8 |     3 |    10 |    55 |     3 ||    79
       Dagger            |    21 |    18 |       |       |       ||    39
       Long sword        |       |       |    29 |       |       ||    29
       Great sword       |       |       |    32 |   214 |     9 ||   255
       Scimitar          |       |       |       |     6 |       ||     6
Invok: Berserk           |     1 |     2 |     2 |     5 |       ||    10
       Burn Spellbooks   |       |     1 |       |       |       ||     1
       Brothers in Arms  |       |       |     2 |     7 |     2 ||    11
       Trog's Hand       |       |       |       |     2 |     1 ||     3
Evoke: Wand              |       |       |       |     4 |     1 ||     5
  Use: Potion            |     1 |       |       |     1 |     2 ||     4
       Scroll            |       |       |     3 |     2 |       ||     5
 Stab: Distracted        |       |       |       |     1 |       ||     1
  Eat: Chunk             |       |     1 |     6 |     9 |       ||    16
       Royal jelly       |       |       |       |     2 |       ||     2
Armor: Animal skin       |     6 |     2 |     1 |       |       ||     9
       Ring mail         |       |       |     2 |       |       ||     2
       Crystal plate arm |       |       |     1 |   184 |    13 ||   198
Dodge: Dodged            |    12 |     4 |    21 |    79 |    10 ||   126
       Rpst.: Long sword |       |       |     1 |       |       ||     1
       Great sword       |       |       |     2 |    14 |     1 ||    17
